 Dungeon Crawl Stone Soup version 0.22-a0-305-gd21a89c538 (webtiles) character file.

155643 RKaid the Fighter (level 17, -12/126 HPs)
             Began as an Octopode Fire Elementalist on Mar 21, 2018.
             Was a High Priest of Vehumet.
             Shot with a bolt by a naga sharpshooter (22 damage)
             ... on level 1 of the Snake Pit on Mar 29, 2018.
             The game lasted 03:11:37 (46222 turns).

RKaid the Fighter (Octopode Fire Elementalist)     Turns: 46222, Time: 03:11:37

Health: -12/126    AC:  8    Str:  3    XL:     17   Next: 35%
Magic:  38/51      EV: 21    Int: 25    God:    Vehumet [*****.]
Gold:   861        SH: 10    Dex: 14    Spells: 6/40 levels left

rFire    + . .     SeeInvis .   b - +11 demon trident "Hejitrie" {elec, rElec rPois rN+++ Str-5}
rCold    . . .     Gourm    .   z - +0 shield
rNeg     + + +     Faith    .   W - +2 hat {Int+3}
rPois    +         Spirit   .   Q - amulet of regeneration {+regen}
rElec    +         Reflect  .   j - +2 ring of protection
rCorr    .         Harm     .   Y - ring of magical power {MP+9}
MR       ++...                  B - ring of protection from cold {rC+}
Stlth    ++++......             Z - ring of fire {rF+, rC-}
HPRegen  1.71/turn              E - ring of magical power {MP+9}
MPRegen  0.32/turn              L - ring of wizardry {Wiz+}
                                P - +3 ring of protection
                                M - ring of protection from magic {MR+}

@: shrouded, regenerating, studying Poison Magic
A: almost no armour, stealthy swim, amphibious, 8 rings, constrict 8, camouflage
1, gelatinous body 1
}: 1/15 runes: barnacled
a: Renounce Religion


You were on level 1 of the Snake Pit.
You worshipped Vehumet.
Vehumet was extremely pleased with you.
You were not hungry.

You visited 6 branches of the dungeon, and saw 29 of its levels.
You also visited: Labyrinth and Bailey.

You collected 3446 gold pieces.
You spent 2585 gold pieces at shops.

Inventory:

Hand Weapons
 a - a +6 demon blade of flaming
   (You found it on level 5 of the Lair of Beasts)
 b - the +11 demon trident "Hejitrie" (weapon) {elec, rElec rPois rN+++ Str-5}
   (You bought it in a shop on level 2 of the Orcish Mines)

   Occasionally, upon striking a foe, it will discharge some electrical energy
   and cause terrible harm.
   It affects your strength (-5).
   It insulates you from electricity.
   It protects you from poison.
   It renders you almost immune to negative energy.
Missiles
 k - 12 throwing nets (quivered) {=f}
Armour
 z - a +0 shield (worn)
   (You found it on level 5 of the Dungeon)
 W - a +2 hat of intelligence (worn)
   (You acquired it on level 1 of the Lair of Beasts)
Magical Staves
 y - an uncursed staff of conjuration {!a}
   (You found it on level 7 of the Dungeon)
 F - an uncursed staff of poison {rPois}
   (You found it on level 13 of the Dungeon)
Jewellery
 j - a +2 ring of protection (left tentacle)
   (You found it on level 4 of the Dungeon)
 q - an uncursed ring of protection from fire {rF+}
   (You took it off a minotaur in a labyrinth)
 B - a ring of protection from cold (on tentacle) {rC+}
   (You found it on level 6 of the Dungeon)
 E - a ring of magical power (on tentacle) {MP+9}
   (You found it on level 7 of the Dungeon)
 G - an uncursed ring of protection from cold {rC+}
   (You found it on level 2 of the Lair of Beasts)
 L - a ring of wizardry (on tentacle) {Wiz+}
   (You found it on level 9 of the Dungeon)
 M - a ring of protection from magic (on tentacle) {MR+}
   (You found it on level 1 of the Lair of Beasts)
 P - a +3 ring of protection (on tentacle)
   (You took it off an orc wizard on level 10 of the Dungeon)
 Q - an amulet of regeneration (around mantle) {+regen}
   (You found it on level 14 of the Dungeon)
 Y - a ring of magical power (right tentacle) {MP+9}
   (You found it on level 3 of the Lair of Beasts)
 Z - a ring of fire (on tentacle) {rF+, rC-}
   (You took it off a crimson imp on level 6 of the Dungeon)
Wands
 g - a wand of iceblast (5)
   (You found it on level 12 of the Dungeon)
 A - a wand of acid (16)
   (You found it on level 7 of the Dungeon)
 C - a wand of clouds (6)
   (You found it on level 4 of the Lair of Beasts)
 D - a wand of digging (14)
   (You found it on level 5 of the Dungeon)
 S - a wand of scattershot (9)
   (You found it on level 1 of the Lair of Beasts)
 T - a wand of paralysis (12)
   (You found it on level 2 of the Shoals)
Scrolls
 i - 7 scrolls of identify
 l - a scroll of blinking {!r}
 o - 3 scrolls of remove curse
 r - 2 scrolls of summoning
 t - 11 scrolls of teleportation
 w - a scroll of holy word {!r}
 x - 2 scrolls of enchant armour
 J - 7 scrolls of fog
 K - 2 scrolls of magic mapping {!r}
 R - 4 scrolls of immolation {!r}
 V - a scroll of silence
Potions
 c - 7 potions of curing
 d - a potion of berserk rage {!q}
 f - 2 potions of ambrosia
 h - 4 potions of heal wounds
 n - 7 potions of agility
 p - 2 potions of might
 s - 3 potions of flight
 u - a potion of haste
 v - 5 potions of brilliance
 I - a potion of mutation {!q!q}
 N - a potion of resistance
 O - a potion of cancellation
Books
 H - a manual of Poison Magic
   (You found it on level 4 of the Shoals)
Miscellaneous
 m - a phantom mirror
Comestibles
 e - 32 rations


   Skills:
 + Level 14.5 Fighting
 - Level 5.0 Long Blades
 + Level 5.2 Polearms
 - Level 13.1 Dodging
 - Level 4.0 Stealth
 + Level 9.4 Shields
 - Level 12.0 Spellcasting
 - Level 13.1 Conjurations
 - Level 3.0 Necromancy
 - Level 10.0 Fire Magic


You had 6 spell levels left.
You knew the following spells:

 Your Spells              Type           Power        Failure   Level  Hunger
a - Flame Tongue          Conj/Fire      #####        1%          1    None
b - Throw Flame           Conj/Fire      ######       1%          2    None
c - Bolt of Fire          Conj/Fire      #######...   1%          6    #####..
d - Sticky Flame          Conj/Fire      #######.     1%          4    None
e - Fireball              Conj/Fire      #######...   1%          5    ###....
f - Orb of Destruction    Conj           ######....   3%          7    ######.
g - Conjure Flame         Conj/Fire      #######.     1%          3    None
A - Apportation           Tloc           ###...       3%          1    None
C - Regeneration          Chrm/Necr      ###.......   5%          3    None
F - Shroud of Golubria    Chrm/Tloc      ###.......   4%          2    None


Dungeon Overview and Level Annotations

Branches:
Dungeon (15/15)            Temple (1/1) D:6            Lair (6/6) D:11
 Shoals (4/4) Lair:2        Snake (1/4) Lair:4        Slime (0/5) Lair:5
    Orc (2/2) D:10            Elf (0/3) Orc:2        Vaults (0/5) D:13
 Depths (0/5) D:15

Altars:
Ashenzari
Cheibriados
Dithmenos
Elyvilon
Fedhas
Gozag
Hepliaklqana
Kikubaaqudgha
Makhleb
Nemelex Xobeh
Okawaru
Qazlal
Ru
Sif Muna
Trog
Uskayaw
Vehumet
Wu Jian
Xom
Yredelemnul
Zin
The Shining One
Beogh
Jiyva

Shops:
D:4 [   D:9 :   D:10 ?   D:13 ?   D:14 }   Orc:2 (!*(   Shoals:2 !
Shoals:3 ?%!:

Annotations:
D:4 Grinder
D:8 Joseph
Shoals:4 Ilsuiw
Snake:1 Nikola


Innate Abilities, Weirdness & Mutations

You cannot wear most types of armour.
You are very stealthy in the water. (Stealth+)
You are amphibious.
You can wear up to eight rings at the same time.
You can use your tentacles to constrict eight enemies at once.
Your skin changes colour to match your surroundings (Stealth+).
Your rubbery body absorbs attacks. (AC +1, EV +1)


Message History

The naga sharpshooter shoots a bolt.
The bolt hits you!!
The naga sharpshooter spits poison at you.
The splash of poison misses you.
Nikola the Mad Inventor comes into view.
He is wielding a rapier of electrocution.
You feel sick.
The naga sharpshooter shoots a bolt.
You block the bolt.
You climb upwards.
Welcome back to the Lair of Beasts!
Your shroud begins to fray at the edges.
There is a staircase to the Snake Pit, spattered with blood here.
You start resting.
You feel sick. x2
Your shroud unravels.
You feel sick. x3
You are no longer poisoned.
You start resting.
A naga is nearby!
Casting: Bolt of Fire (safe; 1% risk of failure)
Confirm with . or Enter, or press ? or * to list all spells.
Aiming: Bolt of Fire (safe; 1% risk of failure)
Press: ? - help, Shift-Dir - straight line, f - naga
Aim: a naga, wielding a hand axe and wearing a robe (hasn't noticed you)
You feel a surge of power!
The bolt of fire hits the naga.
You kill the naga!
Vehumet accepts your kill.
You feel your power returning.
You start resting.
Done exploring.
Okay, then.
Search for what [Enter for "sinv", or ? for help]? invisi
Casting: Bolt of Fire (safe; 1% risk of failure)
Confirm with . or Enter, or press ? or * to list all spells.
Space distorts slightly along a thin shroud covering your body.
Casting: Shroud of Golubria (safe; 4% risk of failure)
Confirm with . or Enter, or press ? or * to list all spells.
Your skin crawls.
You climb downwards.
Welcome back to the Snake Pit!
This branch contains the serpentine rune of Zot.
Level annotation: Nikola A naga sharpshooter comes into view.
It is wielding a trident.
The naga sharpshooter moves out of view.
The naga sharpshooter spits poison at you.
The splash of poison misses you.
The naga sharpshooter shoots a bolt.
The bolt hits you!
Nikola mumbles some strange words.
You hear a mighty clap of thunder!
The lightning arc hits you! You resist.
The lightning arc hits the naga.
The lightning arc hits Nikola.
The lightning arc arcs out of your line of sight!
You hear a mighty clap of thunder!
The lightning arc suddenly appears!
The lightning arc hits Nikola.
You hear a shout! x3; You hear an angry hiss. x2
There is a staircase back to the Lair, spattered with blood here.
You see here 16 bolts.
Casting: Regeneration (safe; 5% risk of failure)
Confirm with . or Enter, or press ? or * to list all spells.
Aiming: Fireball (safe; 1% risk of failure)
Press: ? - help, Shift-Dir - straight line You feel a surge of power!
The fireball explodes!
The fireball engulfs the naga sharpshooter. x2
You hear a shout!
The naga sharpshooter shoots a bolt.
The bolt hits you!! The bolt freezes you.
Nikola points at you and mumbles some strange words.
The zap hits you!
The naga sharpshooter casts a spell.
The naga sharpshooter magically shoots a bolt.
You block the bolt.
Casting: Fireball (safe; 1% risk of failure)
Confirm with . or Enter, or press ? or * to list all spells.
Aiming: Fireball (safe; 1% risk of failure)
Press: ? - help, Shift-Dir - straight line You feel a surge of power!
The fireball explodes!
The fireball engulfs the naga sharpshooter. x2
The naga sharpshooter unwields an uncursed trident.
The naga sharpshooter wields an uncursed shortbow.
The naga sharpshooter gestures wildly while chanting.
The naga sharpshooter magically shoots an arrow.
The arrow hits you!
The naga sharpshooter casts a spell.
The naga sharpshooter magically shoots a bolt.
The bolt hits you! The bolt freezes you.
Nikola gestures wildly while chanting.
Nikola blinks!
The naga sharpshooter casts a spell.
The naga sharpshooter magically shoots a bolt.
The bolt hits you!
A naga comes into view. It is wielding a trident.
The naga spits poison at you. The splash of poison hits you! You resist.
The naga sharpshooter mumbles some strange words.
The naga sharpshooter magically shoots an arrow.
The arrow hits you!
* * * LOW HITPOINT WARNING * * *
The naga sharpshooter gestures wildly while chanting.
The naga sharpshooter magically shoots a bolt.
The bolt hits you!
* * * LOW HITPOINT WARNING * * *
The bolt freezes you.
* * * LOW HITPOINT WARNING * * *
The naga sharpshooter gestures wildly while chanting.
The naga sharpshooter magically shoots a bolt.
The bolt hits you!!
You die...

###.........N..
#..............
..............
#.........ยง..
#...........
#...N.......
#...........
#...@.......
.....).....@...
...............
#..N...........
.............(.
..N..........).
............N..
...............


You could see Nikola, 3 naga sharpshooters and 2 nagas.

Vanquished Creatures
  Kirke (D:12)
  A minotaur (Lab)
  6 merfolk javelineers (Shoals:4)
  Snorg (Orc:1)
  3 merfolk impalers (Shoals:4)
  Josephine (D:11)
  A yaktaur captain (D:15)
  Erolcha (D:10)
  A fire dragon (Lair:6)
  A rakshasa (D:14)
  A naga warrior (Lair:4)
  A vault guard (D:13)
  8 hydras
  4 catoblepae
  4 merfolk avatars
  4 merfolk aquamancers
  Harold (D:12)
  The ghost of Execuda the Martial Artist, a journeyman OpTm of Yredelemnul (D:10)
  6 two-headed ogres
  A centaur warrior (D:14)
  2 alligator snapping turtles
  13 death yaks
  A deep troll shaman (Lair:6)
  6 orc high priests (Orc:2)
  2 naga sharpshooters
  The ghost of dricus the Insei, a novice GnTm (D:7)
  3 unseen horrors
  2 lindwurms (Lair:6)
  5 sea snakes
  2 wizards (D:15)
  A necromancer (D:15)
  5 orc knights
  7 ugly things
  5 deep elf magi
  8 fauns
  2 salamanders (Lair:4)
  4 cyclopes
  12 manticores
  A guardian serpent (shapeshifter) (D:15)
  4 elephants (Lair:6)
  5 merfolk sirens
  A torpor snail (Lair:5)
  4 water nymphs
  4 black mambas
  5 centaur skeletons
  12 spiny frogs
  A naga mage (Snake:1)
  5 komodo dragons
  2 gargoyles
  9 rime drakes
  5 yaktaurs (D:14)
  2 kobold demonologists (D:14)
  3 minotaur skeletons (Lab)
  A rime drake (shapeshifter) (D:13)
  29 merfolk
  A wolf spider simulacrum (D:15)
  8 trolls
  2 polar bears
  Prince Ribbit (D:7)
  7 wind drakes
  3 hornets
  9 dream sheep
  12 slime creatures
  11 snapping turtles
  5 blink frogs (Lair:6)
  10 hippogriffs
  A centaur simulacrum (D:15)
  A vampire (D:14)
  5 wraiths
  36 yaks
  9 water elementals
  2 shadows
  A wyvern (D:10)
  5 basilisks
  A human (D:9)
  8 steam dragons (Lair:6)
  5 hogs
  6 hungry ghosts
  6 vampire mosquitoes (D:14)
  6 nagas
  8 wargs
  The ghost of hell0 the Insei, an amateur OpTm of Nemelex Xobeh (D:4)
  26 water moccasins
  31 orc warriors
  2 porcupines
  3 ice beasts
  2 black bears
  An eye of draining (D:9)
  3 sky beasts
  2 necrophages
  2 phantoms
  3 boggarts (D:14)
  11 ogres
  24 wolves
  10 centaurs
  14 crocodiles
  3 big kobolds (D:14)
  15 bullfrogs
  6 earth elementals (D:15)
  2 gnoll sergeants
  7 scorpions
  13 killer bees
  5 wights (D:13)
  7 howler monkeys
  3 electric eels
  8 crimson imps
  2 bullfrog zombies
  47 orc priests
  4 hounds
  5 centaur zombies
  6 jellies
  A bullfrog skeleton (D:5)
  3 iguanas
  26 orc wizards
  2 killer bee zombies
  9 worker ants
  A hound skeleton (D:4)
  A worker ant zombie (D:6)
  A howler monkey zombie (D:10)
  23 gnolls
  29 adders
  4 shadow imps
  3 oozes
  2 adder skeletons
  6 worms
  5 dart slugs
  9 leopard geckos
  144 orcs
  2 ball pythons
  6 bats
  9 giant cockroaches
  12 goblins
  7 hobgoblins
  6 jackals
  5 quokkas
  9 frilled lizards
  2 jackal skeletons (D:4)
  A jackal zombie (D:5)
  11 kobolds
  10 rats
  14 plants
1022 creatures vanquished.

Vanquished Creatures (others)
  A hungry ghost (D:12)
  4 humans (D:12)
  An ice beast (D:12)
  An orc wizard (D:12)
  An orc (D:12)
  24 fungi
  13 plants
45 creatures vanquished.

Grand Total: 1067 creatures vanquished

Notes
Turn   | Place    | Note
-------+----------+-------------------------------------------
     0 | D:1      | RKaid the Octopode Fire Elementalist began the quest for the Orb.
     0 | D:1      | Reached XP level 1. HP: 11/11 MP: 3/3
   246 | D:1      | Reached skill level 3 in Stealth
   246 | D:1      | Reached XP level 2. HP: 17/17 MP: 0/5
   880 | D:1      | Learned a level 2 spell: Throw Flame
  1011 | D:1      | Reached XP level 3. HP: 20/21 MP: 6/6
  1794 | D:2      | Reached skill level 2 in Conjurations
  2000 | D:2      | Learned a level 3 spell: Conjure Flame
  2041 | D:2      | Reached XP level 4. HP: 27/27 MP: 5/7
  2418 | D:2      | Reached skill level 1 in Fighting
  2957 | D:3      | Reached XP level 5. HP: 33/33 MP: 0/8
  3299 | D:3      | Reached skill level 4 in Fire Magic
  3583 | D:3      | Reached skill level 3 in Conjurations
  3660 | D:3      | Reached XP level 6. HP: 25/39 MP: 7/10
  3979 | D:3      | HP: 5/39 [orc wizard/puff of flame (9)]
  4260 | D:3      | Reached skill level 2 in Fighting
  4360 | D:3      | Reached skill level 3 in Spellcasting
  4462 | D:3      | Found a shadowy altar of Dithmenos.
  4988 | D:4      | Found Birar's Armour Shop.
  4996 | D:4      | Bought a +0 buckler for 45 gold pieces
  5006 | D:4      | Noticed hell0's ghost (amateur OpTm)
  5400 | D:4      | HP: 9/39 [gnoll/halberd of freezing (3)]
  5718 | D:3      | Learned a level 4 spell: Sticky Flame
  5759 | D:4      | Noticed Grinder
  5796 | D:3      | Reached skill level 4 in Conjurations
  5796 | D:3      | Reached XP level 7. HP: 40/45 MP: 4/11
  5912 | D:3      | Reached skill level 5 in Fire Magic
  6162 | D:4      | Killed hell0's ghost
  6162 | D:4      | Reached skill level 1 in Shields
  6629 | D:5      | Entered Level 5 of the Dungeon
  6815 | D:5      | Reached skill level 2 in Shields
  6901 | D:5      | Reached skill level 3 in Fighting
  6980 | D:5      | Reached XP level 8. HP: 46/52 MP: 7/13
  7213 | D:5      | Reached skill level 3 in Shields
  7846 | D:5      | Reached skill level 4 in Spellcasting
  7932 | D:6      | Found an iron altar of Okawaru.
  7932 | D:6      | Found a glowing golden altar of the Shining One.
  7987 | D:6      | Reached skill level 5 in Conjurations
  8137 | D:6      | Reached skill level 4 in Shields
  8408 | D:6      | Reached skill level 6 in Fire Magic
  8438 | D:6      | Found a sacrificial altar of Ru.
  8541 | D:6      | Found a staircase to the Ecumenical Temple.
  8660 | Temple   | Entered the Ecumenical Temple
  8755 | Temple   | Learned a level 5 spell: Fireball
  9021 | D:6      | Reached skill level 4 in Fighting
  9234 | D:6      | Reached XP level 9. HP: 49/58 MP: 9/15
  9606 | D:7      | Found a burning altar of Makhleb.
  9606 | D:7      | Found a radiant altar of Vehumet.
  9617 | D:7      | Became a worshipper of Vehumet
  9651 | D:7      | Found a flagged portal.
  9664 | Bailey   | Entered a bailey
  9903 | Bailey   | Reached skill level 6 in Conjurations
 10297 | Bailey   | Noticed an orc knight
 10298 | Bailey   | Noticed an orc knight
 10481 | Bailey   | HP: 13/59 [orc warrior/glaive (13)]
 11113 | Bailey   | HP: 6/59 [orc warrior/glaive (11)]
 11142 | Bailey   | Reached skill level 7 in Fire Magic
 11407 | Bailey   | Killed an orc knight
 11407 | Bailey   | Reached skill level 5 in Spellcasting
 11414 | Bailey   | Killed an orc knight
 11414 | Bailey   | Reached skill level 5 in Fighting
 11414 | Bailey   | Reached skill level 7 in Conjurations
 11614 | Bailey   | Got fine gold dragon scales {rC+, rF+, rPois}
 11726 | D:7      | Noticed dricus's ghost (novice GnTm)
 11762 | D:7      | Killed dricus's ghost
 11762 | D:7      | Reached skill level 8 in Fire Magic
 11762 | D:7      | Reached XP level 10. HP: 66/66 MP: 4/18
 12044 | D:7      | Reached * piety under Vehumet
 12044 | D:7      | Offered knowledge of Freeze by Vehumet.
 12283 | D:7      | Reached skill level 8 in Conjurations
 12331 | D:7      | Noticed Prince Ribbit
 12336 | D:7      | Killed Prince Ribbit
 13148 | D:8      | Noticed Joseph
 13537 | D:8      | Reached skill level 6 in Fighting
 13537 | D:8      | Reached skill level 9 in Fire Magic
 13552 | D:8      | Reached skill level 6 in Spellcasting
 14478 | D:9      | Reached ** piety under Vehumet
 14549 | D:9      | Found Gaploota's Book Boutique.
 14566 | D:9      | Offered knowledge of Sandblast by Vehumet.
 14726 | D:9      | Reached skill level 9 in Conjurations
 14970 | D:9      | Found a bloodstained altar of Trog.
 14996 | D:9      | Reached XP level 11. HP: 60/73 MP: 20/20
 15145 | D:9      | Found a white marble altar of Elyvilon.
 15148 | D:9      | Found a sparkling altar of Nemelex Xobeh.
 15914 | D:9      | Noticed a two-headed ogre
 15947 | D:9      | Killed a two-headed ogre
 15947 | D:9      | Reached skill level 10 in Fire Magic
 16161 | D:10     | Entered Level 10 of the Dungeon
 16198 | D:10     | Noticed an unseen horror
 16203 | D:10     | Killed an unseen horror
 16247 | D:10     | Noticed Erolcha
 16500 | D:10     | Reached skill level 7 in Fighting
 16509 | D:10     | Reached skill level 10 in Conjurations
 16729 | D:10     | Offered knowledge of Ignite Poison by Vehumet.
 16751 | D:10     | Reached skill level 7 in Spellcasting
 16896 | D:10     | Reached *** piety under Vehumet
 16918 | D:10     | HP: 16/75 [water moccasin (3)]
 16919 | D:10     | Reached skill level 4 in Stealth
 16926 | D:10     | Reached skill level 3 in Dodging
 17244 | D:10     | Offered knowledge of Airstrike by Vehumet.
 17416 | D:10     | Found Zoawk's Magic Scroll Shop.
 17571 | D:10     | HP: 12/76 [Erolcha/orb of energy (13)]
 17579 | D:10     | HP: 12/76 [Erolcha/giant club (36)]
 17584 | D:10     | Killed Erolcha
 17584 | D:10     | Reached skill level 4 in Dodging
 17838 | D:10     | Noticed Execuda's ghost (journeyman OpTm)
 17955 | D:10     | Bought a scroll of blinking for 105 gold pieces
 18040 | D:10     | Killed Execuda's ghost
 18040 | D:10     | Reached skill level 8 in Fighting
 18040 | D:10     | Reached XP level 12. HP: 54/82 MP: 17/23
 18188 | D:10     | Found a staircase to the Orcish Mines.
 18648 | D:11     | Noticed a two-headed ogre
 18707 | D:11     | Noticed Josephine
 18723 | D:11     | Reached **** piety under Vehumet
 18724 | D:11     | Reached skill level 8 in Spellcasting
 18737 | D:11     | Killed Josephine
 18737 | D:11     | Reached skill level 5 in Dodging
 18786 | D:10     | HP: 19/84 [wraith[Josephine] (12)]
 18793 | D:10     | Offered knowledge of Iskenderun's Battlesphere by Vehumet.
 19035 | D:10     | Learned a level 3 spell: Regeneration
 19058 | D:10     | HP: 20/84 [wraith[Josephine] (7)]
 19333 | D:11     | Found a staircase to the Lair.
 19340 | D:11     | Noticed a two-headed ogre
 19347 | D:10     | Killed a two-headed ogre
 19897 | D:11     | Reached skill level 9 in Fighting
 19904 | D:11     | Killed a two-headed ogre
 19904 | D:11     | Reached skill level 6 in Dodging
 20314 | Lair:1   | Entered Level 1 of the Lair of Beasts
 20688 | Lair:1   | Reached skill level 9 in Spellcasting
 21023 | Lair:1   | Noticed an eight-headed hydra
 21717 | Lair:1   | Killed an eight-headed hydra
 21957 | Lair:1   | Identified a scroll of acquirement
 22059 | Lair:2   | Reached skill level 7 in Dodging
 22222 | Lair:2   | Found a staircase to the Shoals.
 22285 | Lair:2   | Reached skill level 1 in Necromancy
 22849 | Lair:2   | Reached XP level 13. HP: 88/92 MP: 15/26
 22855 | Lair:2   | Reached skill level 2 in Necromancy
 22859 | Lair:2   | Reached ***** piety under Vehumet
 22859 | Lair:2   | Offered knowledge of Orb of Destruction by Vehumet.
 22859 | Lair:2   | Reached skill level 10 in Fighting
 22953 | Lair:2   | Learned a level 7 spell: Orb of Destruction
 23878 | Lair:3   | Reached skill level 3 in Necromancy
 24641 | Lair:4   | Found a staircase to the Snake Pit.
 24939 | Lair:4   | Reached skill level 8 in Dodging
 25413 | Lair:4   | Identified the cursed +1 gold dragon scales "Tesar" {rPois rF+ rC+ Str+4 SInv, rC+, rF+, rPois} (You found it in a bailey)
 26173 | Lair:5   | Found a staircase to the Slime Pits.
 26277 | Lair:5   | Reached skill level 10 in Spellcasting
 26425 | Lair:5   | Learned a level 1 spell: Apportation
 27103 | Lair:6   | Entered Level 6 of the Lair of Beasts
 27409 | Lair:6   | Reached skill level 11 in Conjurations
 27924 | Lair:6   | Reached skill level 11 in Fighting
 27949 | Lair:5   | Reached XP level 14. HP: 71/101 MP: 28/28
 28174 | Lair:6   | Reached skill level 9 in Dodging
 28176 | Lair:6   | Offered knowledge of Bolt of Draining by Vehumet.
 28188 | Lair:6   | HP: 24/101 [six-headed hydra (2)]
 28937 | Lair:6   | Reached skill level 12 in Conjurations
 29798 | Lair:6   | Reached skill level 11 in Spellcasting
 30465 | Lair:6   | Reached skill level 10 in Dodging
 30972 | D:12     | Noticed Harold
 30986 | D:12     | Killed Harold
 31001 | D:12     | Noticed Kirke
 31005 | D:12     | Killed Kirke
 31137 | D:12     | Reached skill level 12 in Fighting
 31613 | D:12     | Reached XP level 15. HP: 108/108 MP: 27/30
 32362 | D:13     | Found a viscous altar of Jiyva.
 32367 | D:13     | Found Foujel's Magic Scroll Shoppe.
 32394 | D:13     | Offered knowledge of Ozocubu's Refrigeration by Vehumet.
 32459 | D:13     | Found a gate to the Vaults.
 32586 | D:13     | Reached skill level 13 in Conjurations
 33272 | D:13     | Bought a scroll of identify for 30 gold pieces
 33272 | D:13     | Bought a scroll of teleportation for 45 gold pieces
 33276 | D:13     | Bought 2 scrolls of identify for 60 gold pieces
 33321 | D:14     | Reached skill level 1 in Long Blades
 33431 | D:14     | Found Furu Qor's Gadget Emporium.
 33905 | D:14     | Reached skill level 11 in Dodging
 34157 | D:14     | Reached skill level 2 in Long Blades
 34170 | D:14     | Reached ****** piety under Vehumet
 34173 | D:14     | Offered knowledge of Yara's Violent Unravelling by Vehumet.
 34295 | D:14     | Reached skill level 5 in Shields
 34688 | D:15     | Entered Level 15 of the Dungeon
 34737 | D:15     | Found a labyrinth entrance.
 34753 | Lab      | Entered a labyrinth
 34877 | Lab      | Reached skill level 3 in Long Blades
 36055 | D:15     | Reached skill level 13 in Fighting
 36166 | D:15     | Reached skill level 4 in Long Blades
 36291 | D:15     | Reached skill level 6 in Shields
 36455 | D:15     | Found a staircase to the Depths.
 36524 | D:15     | Offered knowledge of Poison Arrow by Vehumet.
 36940 | D:15     | Reached XP level 16. HP: 117/117 MP: 31/31
 37091 | D:15     | Found a glowing silver altar of Zin.
 37293 | Orc:1    | Entered Level 1 of the Orcish Mines
 37486 | Orc:1    | Found a bloodstained altar of Trog.
 37887 | Orc:2    | Entered Level 2 of the Orcish Mines
 37927 | Orc:1    | Noticed Snorg
 37933 | Orc:1    | Killed Snorg
 38101 | Orc:2    | Found a roughly hewn altar of Beogh.
 38102 | Orc:2    | TRAPS LOLOLOL
 38240 | Orc:2    | Found a staircase to the Elven Halls.
 38482 | Orc:2    | Reached skill level 5 in Long Blades
 38691 | Orc:2    | Reached skill level 12 in Dodging
 38753 | Orc:2    | Offered knowledge of Iron Shot by Vehumet.
 39016 | Orc:2    | Found Uzienack's Assorted Antiques.
 39016 | Orc:2    | Found Yhufrad's Antique Weapon Shoppe.
 39065 | Orc:2    | Found Coxav's Weapon Shop.
 39065 | Orc:2    | Found Dikhlyhie's Distillery.
 39350 | Orc:2    | Bought a potion of curing for 36 gold pieces
 39350 | Orc:2    | Bought a potion of heal wounds for 60 gold pieces
 39350 | Orc:2    | Bought a potion of heal wounds for 60 gold pieces
 39350 | Orc:2    | Bought a potion of curing for 36 gold pieces
 39350 | Orc:2    | Bought a potion of heal wounds for 60 gold pieces
 39350 | Orc:2    | Bought a potion of curing for 36 gold pieces
 39359 | Orc:2    | Bought the +11 demon trident "Hejitrie" {elec, rElec rPois rN+++ Str-5} for 1832 gold pieces
 39563 | Snake:1  | Entered Level 1 of the Snake Pit
 39564 | Snake:1  | Upgraded the game from 0.22-a0-284-g99d1f7439c to 0.22-a0-303-g4a852b32ea
 39566 | Snake:1  | Reached skill level 7 in Shields
 39568 | Snake:1  | HP: 25/117 [naga sharpshooter/bolt (26)]
 39715 | Lair:4   | Upgraded the game from 0.22-a0-303-g4a852b32ea to 0.22-a0-305-gd21a89c538
 39800 | Shoals:1 | Entered Level 1 of the Shoals
 40152 | Shoals:1 | Reached skill level 1 in Polearms
 41629 | Shoals:2 | Reached skill level 12 in Spellcasting
 41721 | Shoals:2 | Reached skill level 2 in Polearms
 41988 | Shoals:2 | Found Huligaoc's Distillery.
 41996 | Shoals:2 | Bought a potion of haste for 180 gold pieces
 42025 | Shoals:2 | Got a heavily runed crystal amulet
 42027 | Shoals:2 | Identified the amulet of Xaeludut {+Rage rPois Int-4 Dex+5} (You found it on level 2 of the Shoals)
 42052 | Shoals:2 | Offered knowledge of Bolt of Fire by Vehumet.
 42060 | Shoals:2 | Learned a level 6 spell: Bolt of Fire
 42540 | Shoals:3 | Reached skill level 3 in Polearms
 42732 | Shoals:3 | Found Neofoz's Book Shoppe.
 42807 | Shoals:3 | Found Meamowia's Magic Scroll Shop.
 42899 | Shoals:3 | Found Pumial's Distillery.
 42944 | Shoals:3 | Found Liuran's Food Shop.
 42972 | Shoals:3 | Reached skill level 8 in Shields
 43374 | Shoals:4 | Entered Level 4 of the Shoals
 43744 | Shoals:3 | Found Liuran's Food Shop.
 43755 | Shoals:3 | Found Pumial's Distillery.
 44165 | Shoals:4 | Reached skill level 14 in Fighting
 44165 | Shoals:4 | Reached skill level 4 in Polearms
 44342 | Shoals:4 | HP: 19/119 [merfolk/glaive (27)]
 44348 | Shoals:4 | HP: 17/119 [merfolk/glaive (21)]
 44349 | Shoals:4 | Reached XP level 17. HP: 18/125 MP: 5/33
 44502 | Shoals:3 | Learned a level 2 spell: Shroud of Golubria
 44657 | Shoals:4 | Got a barnacled rune of Zot
 44842 | Shoals:4 | HP: 25/125 [alligator snapping turtle (31)]
 44845 | Shoals:4 | Reached skill level 5 in Polearms
 45172 | Shoals:4 | Reached skill level 13 in Dodging
 45176 | Shoals:4 | Reached skill level 9 in Shields
 45204 | Shoals:4 | Offered knowledge of Lehudib's Crystal Spear by Vehumet.
 45204 | Shoals:4 | Offered knowledge of Glaciate by Vehumet.
 45204 | Shoals:4 | Offered knowledge of Ignition by Vehumet.
 45261 | Shoals:4 | Noticed Ilsuiw
 45929 | Lair:4   | HP: 28/126 [naga warrior/war axe (15)]
 46115 | Snake:1  | Noticed Nikola
 46222 | Snake:1  | HP: 25/126 [naga sharpshooter/arrow (15)]
 46222 | Snake:1  | HP: 10/126 [naga sharpshooter/bolt (3)]
 46222 | Snake:1  | Shot with a bolt by a naga sharpshooter

Vault maps used:
D:1:      dpeg_arrival_pond
D:3:      hangedman_decor_diamond_cutter,
          nicolae_dithmenos_through_a_glass_darkly
D:4:      first_ration, serial_shops, shop, bh_walls_and_bars, uniq_grinder
D:6:      chequers_temple_overflow_statue_of_worship, minmay_temple_entry_fiery,
          nicolae_ru_great_annihilating_truth
D:7:      grunt_temple_overflow_lords_of_destruction, enter_bailey_2,
          hangedman_decor_points, uniq_prince_ribbit1
D:8:      uniq_joseph
D:9:      grunt_temple_overflow_open, serial_column_ruins,
          column_ruins_columns_straight, column_ruins_grid_4,
          column_ruins_open_small, column_ruins_corridor_straight,
          column_ruins_grid_1, column_ruins_grid_1,
          column_ruins_corridor_dead_end, serial_shops, nicolae_shop_crystal,
          grunt_livestock, bloody_trog
D:10:     lemuel_reptile_caves, orc_0_dummy, serial_shops, nicolae_shop_trees,
          uniq_erolcha
D:11:     erik_lair_orcish_takeover, uniq_josephine
D:12:     serial_co_window_serial, co_window_paths_b, co_window_cross_1,
          co_window_corner_a, co_window_of_opportunity_a,
          co_window_of_opportunity_a, co_window_2corner, co_window_corner_ca,
          co_window_paths_c, co_window_unsneaky_path_d,
          co_window_unsneaky_path_d, co_window_unsneaky_path_c,
          co_window_broadway_a, glass_columns_c, glass_columns_a,
          glass_columns_a, glass_columns_c, uniq_harold, uniq_kirke
D:13:     david_vaults_5, special_room, serial_shops, shop, jiyva_altar_1
D:14:     serial_shops, shop_statue, nicolae_water_bricks
D:15:     grunt_enter_depths_magical_seal, special_room, lab_entry_generic,
          zin_angel, minivault_20, hangedman_cracks_in_the_wall
Temple:   regret_index_temple_waves
Lair:1:   grunt_megastairs_4, serial_bayou_shore_b, lemuel_fruit_tree,
          serial_bayou_shore_a
Lair:2:   shoals_dummy_entry, grunt_megastairs_5
Lair:4:   guppyfry_snake_entry_island, st_stairs_7, beast_lair_carwin_9,
          grunt_megastairs_2, infiniplex_staircase_pool
Lair:5:   slime_dummy, guppyfry_lair_drakes
Lair:6:   grunt_lair_end_beastmaster, bobbens_dragon_lair_wall
Shoals:2: serial_shops, nicolae_shop_waterfront
Shoals:3: serial_shops, nicolae_shop_window_shopping, shop, shop,
          nicolae_shop_stone
Shoals:4: shoals_end_simple, shoals_ilsuiw_ice, uniq_polyphemus, uniq_mara
Snake:1:  cheibrodos_forgotten_conduit, serial_shops, nicolae_shop_crystal,
          uniq_aizul, uniq_nikola
Orc:1:    trog_hazing_becter, uniq_snorg
Orc:2:    st_orc_town
Lab:      labyrinth_watery, nicolae_lab_checkerboard, nicolae_lab_hexagon,
          lab_block, nicolae_lab_blocks, labyrinth_fake_exit,
          nicolae_lab_garden, labyrinth_skeletal_remains, nicolae_lab_lava,
          lab_statue
Bailey:   bailey_polearm_1, bailey

Skill      XL: |  1  2  3  4  5  6  7  8  9 10 11 12 13 14 15 16 17 |
---------------+----------------------------------------------------+-----
Stealth        | 3 4 |  4.0
Conjurations   | 2 3 4 5 7 9 10 11 12 13 | 13.1
Fighting       | 1 2 3 4 5 6 8 9 11 12 13 14 | 14.5
Fire Magic     | 4 5 6 8 9 10 | 10.0
Spellcasting   | 3 4 5 6 7 9 10 11 12 | 12.0
Shields        | 2 4 6 8 9 |  9.4
Dodging        | 4 7 8 10 11 12 13 | 13.1
Necromancy     | 1 3 |  3.0
Long Blades    | 4 5 |  5.0
Polearms       | 4 5 |  5.2

Action                   |  1- 3 |  4- 6 |  7- 9 | 10-12 | 13-15 | 16-18 || total
-------------------------+-------+-------+-------+-------+-------+-------++-------
Melee: Tentacles         |     1 |     3 |    12 |    27 |    53 |     8 ||   104
       Constrict         |     1 |     5 |     9 |    28 |    28 |     5 ||    76
       Unarmed           |     1 |       |       |       |       |       ||     1
       Short sword       |       |    10 |       |       |       |       ||    10
       Dagger            |       |    11 |    49 |   136 |    14 |       ||   210
       Demon blade       |       |       |       |       |   134 |    10 ||   144
       Staff             |       |       |       |       |     1 |       ||     1
       Demon trident     |       |       |       |       |       |    36 ||    36
 Fire: Hunting sling     |    13 |    79 |    39 |       |       |       ||   131
Throw: Stone             |     8 |       |       |       |       |       ||     8
 Cast: Flame Tongue      |    63 |   119 |   168 |   296 |   109 |    34 ||   789
       Conjure Flame     |       |     3 |     4 |     6 |       |       ||    13
       Throw Flame       |       |       |    39 |   187 |   277 |   173 ||   676
       Sticky Flame      |       |       |     1 |    29 |    78 |    17 ||   125
       Fireball          |       |       |    10 |    37 |   260 |   162 ||   469
       Regeneration      |       |       |       |     1 |     3 |     3 ||     7
       Orb of Destructio |       |       |       |       |    27 |    10 ||    37
       Bolt of Fire      |       |       |       |       |       |   101 ||   101
       Apportation       |       |       |       |       |       |     3 ||     3
       Shroud of Golubri |       |       |       |       |       |     8 ||     8
 Abil: Stop Flying       |       |       |     1 |       |       |       ||     1
       Evoke Flight      |       |       |     1 |       |       |       ||     1
Evoke: Wand              |       |       |    10 |       |     3 |    19 ||    32
  Use: Scroll            |       |    11 |     1 |    21 |    12 |    13 ||    58
       Potion            |       |       |     1 |     7 |     3 |     3 ||    14
 Stab: Sleeping          |       |       |     7 |     4 |     2 |       ||    13
       Petrified         |       |       |       |       |     7 |       ||     7
       Distracted        |       |       |       |       |     1 |       ||     1
  Eat: Chunk             |     4 |     8 |    13 |    21 |    40 |    42 ||   128
       Ration            |       |     1 |     3 |     7 |    14 |     9 ||    34
Armor: Skin              |       |    16 |    14 |    17 |    67 |    21 ||   135
Dodge: Dodged            |    14 |    58 |    64 |   192 |   247 |   143 ||   718
Block: Buckler           |       |     2 |    27 |    74 |    95 |    35 ||   233
       Shield            |       |       |       |       |       |    43 ||    43
       Rpst.: Demon blade |       |       |       |       |    48 |     9 ||    57

Table legend:
 A = Spawn XP
 B = Non-spawn XP
 C = Spawn XP percentage of total XP
 D = Spawn monster count
 E = Non-spawn monster count
 F = Spawn count percentage of total count
 G = Total turns spent on level
                    A         B        C        D         E        F      G
               +---------+---------+-------+---------+---------+-------+---------
         Total |       0 |  203776 |   0.0 |       0 |    1008 |   0.0 | 46222
               +---------+---------+-------+---------+---------+-------+---------
           D:1 |       0 |      52 |   0.0 |       0 |      21 |   0.0 |  1591
           D:2 |       0 |      85 |   0.0 |       0 |      31 |   0.0 |  2102
           D:3 |       0 |     468 |   0.0 |       0 |      39 |   0.0 |  1895
           D:4 |       0 |     489 |   0.0 |       0 |      22 |   0.0 |  1041
           D:5 |       0 |     605 |   0.0 |       0 |      20 |   0.0 |  1637
           D:6 |       0 |     750 |   0.0 |       0 |      27 |   0.0 |  1081
           D:7 |       0 |    2103 |   0.0 |       0 |      22 |   0.0 |  1605
           D:8 |       0 |    1626 |   0.0 |       0 |      27 |   0.0 |  1234
           D:9 |       0 |    3873 |   0.0 |       0 |      37 |   0.0 |  1908
          D:10 |       0 |    8473 |   0.0 |       0 |      61 |   0.0 |  3235
          D:11 |       0 |    4744 |   0.0 |       0 |      31 |   0.0 |  1012
          D:12 |       0 |    7806 |   0.0 |       0 |      41 |   0.0 |  1377
          D:13 |       0 |   13467 |   0.0 |       0 |      84 |   0.0 |  1554
          D:14 |       0 |   14608 |   0.0 |       0 |      51 |   0.0 |  1398
          D:15 |       0 |   13529 |   0.0 |       0 |      63 |   0.0 |  1666
        Lair:1 |       0 |    3939 |   0.0 |       0 |      14 |   0.0 |  1737
        Lair:2 |       0 |    4923 |   0.0 |       0 |      24 |   0.0 |  1721
        Lair:3 |       0 |    4039 |   0.0 |       0 |      15 |   0.0 |  1456
        Lair:4 |       0 |    7683 |   0.0 |       0 |      28 |   0.0 |  2233
        Lair:5 |       0 |    4996 |   0.0 |       0 |      19 |   0.0 |  2014
        Lair:6 |       0 |   32725 |   0.0 |       0 |      77 |   0.0 |  2489
      Shoals:1 |       0 |    6549 |   0.0 |       0 |      18 |   0.0 |  1180
      Shoals:2 |       0 |    8998 |   0.0 |       0 |      21 |   0.0 |  1155
      Shoals:3 |       0 |   11132 |   0.0 |       0 |      26 |   0.0 |  1991
      Shoals:4 |       0 |   26797 |   0.0 |       0 |      46 |   0.0 |  1165
       Snake:1 |       0 |    2016 |   0.0 |       0 |       5 |   0.0 |    24
         Orc:1 |       0 |    4242 |   0.0 |       0 |      36 |   0.0 |   865
         Orc:2 |       0 |    8583 |   0.0 |       0 |      75 |   0.0 |  1149
           Lab |       0 |    2624 |   0.0 |       0 |       7 |   0.0 |   521
        Bailey |       0 |    1852 |   0.0 |       0 |      20 |   0.0 |  1969
               +---------+---------+-------+---------+---------+-------+---------

Table legend:
 A = Turns spent in this place as a percentage of turns spent in the entire game.
 B = Non-inter-level travel turns spent in this place as a percentage of non-inter-level travel turns spent in the entire game.
 C = Inter-level travel turns spent in this place as a percentage of turns spent in this place.
 D = Turns resting spent in this place as a percentage of non-inter-level travel turns spent in this place.
 E = Turns spent auto-exploring this place as a percentage of non-inter-level travel turns spent in this place.
 F = Non-inter-level travel turns spent in this place divided by the number of levels of this place that you've seen.
                   A       B       C       D       E      F
               +-------+-------+-------+-------+-------+----------------------
         Total | 100.0 | 100.0 |   5.3 |  43.9 |  33.8 | 1412.1
       Dungeon |  52.7 |  52.3 |   5.9 |  44.0 |  32.5 | 1526.5
        Temple |   0.5 |   0.5 |   9.2 |  50.8 |  44.7 | 197.0
          Lair |  25.2 |  25.0 |   6.0 |  43.0 |  41.5 | 1825.0
        Shoals |  11.9 |  12.1 |   3.2 |  44.6 |  32.5 | 1329.0
     Snake Pit |   0.1 |   0.1 |   0.0 |   0.0 |   0.0 |  24.0
  Orcish Mines |   4.4 |   4.3 |   5.7 |  22.6 |  47.1 | 950.0
     Labyrinth |   1.1 |   1.2 |   0.0 |  40.9 |   0.0 | 521.0
        Bailey |   4.3 |   4.5 |   0.0 |  66.2 |   5.2 | 1969.0
               +-------+-------+-------+-------+-------+----------------------

Table legend:
 A = Kills in this place as a percentage of kills in entire the game.
 B = Kills by you in this place as a percentage of kills by you in the entire game.
 C = Kills by friends in this place as a percentage of kills by friends in the entire game.
 D = Other kills in this place as a percentage of other kills in the entire game.
 E = Experience gained in this place as a percentage of experience gained in the entire game.
 F = Experience gained in this place divided by the number of levels of this place that you have seen.
                   A       B       C       D       E      F
               +-------+-------+-------+-------+-------+----------------------
         Total | 100.0 | 100.0 |   N/A |   N/A | 100.0 | 6573.4
       Dungeon |  57.2 |  57.2 |   N/A |   N/A |  35.7 | 4845.2
          Lair |  17.6 |  17.6 |   N/A |   N/A |  28.6 | 9717.5
        Shoals |  11.0 |  11.0 |   N/A |   N/A |  26.2 | 13369.0
     Snake Pit |   0.5 |   0.5 |   N/A |   N/A |   1.0 | 2016.0
  Orcish Mines |  11.0 |  11.0 |   N/A |   N/A |   6.3 | 6412.5
     Labyrinth |   0.7 |   0.7 |   N/A |   N/A |   1.3 | 2624.0
        Bailey |   2.0 |   2.0 |   N/A |   N/A |   0.9 | 1852.0
               +-------+-------+-------+-------+-------+----------------------
